 Dungeon Crawl Stone Soup version 0.31-a0-702-gf82c85558f (webtiles) character file.

Game seed: 4201637425965282235

2157 qw the Skirmisher (level 9, -2/56 HPs)
             Began as a Gargoyle Hunter on Sept 8, 2023.
             Was a Follower of Okawaru.
             Shot with a sling bullet by Joseph (14 damage)
             ... on level 7 of the Dungeon.
             The game lasted 00:02:04 (4880 turns).

qw the Skirmisher (Gargoyle Hunter)                 Turns: 4880, Time: 00:02:04

Health: -2/56      AC: 13    Str: 16    XL:     9   Next: 31%
Magic:  10/11      EV: 16    Int:  9    God:    Okawaru [*.....]
Gold:   88         SH:  0    Dex: 17    Spells: 8/8 levels left

rFire   . . .        Y - +1 shortbow
rCold   . . .        (shield currently unavailable)
rNeg    + . .        e - +2 robe {Will+}
rPois   inf          (no helmet)
rElec   +            (no cloak)
rCorr   .            l - +1 pair of gloves
SInv    +            (no boots)
Will    +....        (no amulet)
Stlth   +++          b - ring of see invisible
HPRegen 0.29/turn    (no ring)
MPRegen 0.12/turn

%: no passive effects
@: heroic
A: sickness immunity, AC +6, negative energy resistance 1, electricity
resistance, torment resistance 1, petrification resistance
a: Renounce Religion, Heroism


You were on level 7 of the Dungeon.
You worshipped Okawaru.
Okawaru was aware of your devotion.
You visited 2 branches of the dungeon, and saw 8 of its levels.

You collected 334 gold pieces.
You spent 246 gold pieces at shops.


Innate Abilities, Weirdness & Mutations

You are immune to sickness and miasma.
Your stone body is resilient. (AC +6)
You are immune to poison.
You resist negative energy. (rN+)
You are resistant to electric shocks. (rElec)
You are resistant to unholy torment.
You are immune to petrification.


   Skills:
 + Level 6.9(11.9) Fighting
 - Level 10.2(15.2) Ranged Weapons
 - Level 1.0(6.0) Armour
 - Level 3.0(8.0) Dodging
 - Level 1.1(6.1) Stealth
 + Level 3.2 Invocations


You had 8 spell levels left.
You didn't know any spells.
Your spell library was empty.

Inventory:

Hand Weapons
 Y - a +1 shortbow (weapon)
Armour
 e - a +2 robe of willpower (worn)
 j - +0 steam dragon scales
 l - a +1 pair of gloves (worn)
 m - +0 acid dragon scales
Jewellery
 b - a ring of see invisible (left hand)
Scrolls
 d - 2 scrolls of identify
Potions
 a - 4 potions of curing
 c - a potion of cancellation
 f - a potion of might {unknown}
 g - 2 potions of haste
 h - a potion of ambrosia {unknown}
 i - a potion of attraction {unknown}
 k - 2 potions of brilliance {unknown}
 n - a potion of heal wounds {unknown}

Dungeon Overview and Level Annotations

Branches:
Dungeon (7/15)             Temple (1/1) D:6

Altars:
Ashenzari
Cheibriados
Elyvilon
Fedhas
Gozag
Hepliaklqana
Makhleb
Nemelex Xobeh
Okawaru
Ru
Sif Muna
Trog
Uskayaw
Vehumet
Wu Jian
Xom
Yredelemnul

Shops:
D:1 *   D:2 ?   D:5 !

Annotations:
D:7 Joseph


Message History

Joseph shoots a sling bullet.
The sling bullet closely misses you.
You shoot an arrow. The arrow hits Joseph.
Joseph is moderately wounded.
Joseph shoots a sling bullet.
The sling bullet hits you!
You shoot an arrow. The arrow hits Joseph!
Joseph is moderately wounded.
Joseph shoots a sling bullet.
The sling bullet hits you!
4870 ||| INVOKING Heroism.
You gain the combat prowess of a mighty hero.
Joseph shoots a sling bullet.
The sling bullet hits you but does no damage.
You shoot an arrow. The arrow hits Joseph.
Joseph is moderately wounded.
You shoot an arrow. The arrow completely misses Joseph.
Joseph shoots a sling bullet.
The sling bullet barely misses you.
You shoot an arrow. The arrow hits Joseph.
Joseph is heavily wounded.
Joseph shoots a sling bullet.
The sling bullet hits you.
You shoot an arrow. The arrow hits Joseph.
Joseph is heavily wounded.
You shoot an arrow. The arrow hits Joseph.
Joseph is heavily wounded.
Joseph shoots a sling bullet.
The sling bullet hits you!
You shoot an arrow.
The arrow hits Joseph but does no damage.
Joseph is heavily wounded.
Joseph shoots a sling bullet.
The sling bullet hits you.
You shoot an arrow. The arrow hits Joseph!
Joseph is severely wounded.
Joseph shoots a sling bullet.
The sling bullet hits you.
You shoot an arrow. The arrow hits Joseph.
Joseph is severely wounded.
You shoot an arrow.
The arrow hits Joseph but does no damage.
Joseph is severely wounded.
Joseph shoots a sling bullet.
The sling bullet hits you.
You shoot an arrow. The arrow hits Joseph!
Joseph is severely wounded.
Joseph shoots a sling bullet.
The sling bullet hits you!
You die...

##.....#.....#
##...##.....#
###. #.....#
#. #.....#
###.##.....#
#.....######
#.#.#.###
#.....#
###.#@#
#.........@#
####.##.##.#
#. #.# # #.
#.# #. #.. #.
..> ###


You could see Joseph.

Vanquished Creatures
  Maggie (D:7)
  A steam dragon (D:7)
  2 water moccasins
  2 ice beasts
  A black bear (D:7)
  2 ogres
  2 phantoms
  A kobold brigand (D:7)
  3 scorpions
  A wight (D:7)
  3 hounds (D:5)
  2 sleepcaps
  A gnoll bouda (D:6)
  2 jellies
  Jessica (D:3)
  3 iguanas
  Natasha (thrice) (D:3)
  2 orc wizards (D:5)
  3 gnolls
  6 adders
  2 shadow imps (D:5)
  An ufetubus (D:7)
  2 worms
  3 orcs
  8 ball pythons
  4 bats
  4 endoplasms
  3 giant cockroaches
  7 goblins
  9 hobgoblins
  4 quokkas
  3 frilled lizards
  11 kobolds
  A rat (D:3)
104 creatures vanquished.

Notes
Turn   | Place    | Note
-------+----------+-------------------------------------------
     0 | D:1      | qw the Gargoyle Hunter began the quest for the Orb.
     0 | D:1      | Reached XP level 1. HP: 12/12 MP: 1/1
     0 | D:1      | 0 ||| qw: Version: 0.3-a-76-g4403597
     0 | D:1      | 0 ||| qw: Game counter: 1221
     0 | D:1      | 0 ||| qw: Melee chars always use a shield: true
     0 | D:1      | 0 ||| qw: God list: Okawaru
     0 | D:1      | 0 ||| qw: Allow faded altars: false
     0 | D:1      | 0 ||| qw: Do Orc after clearing Dungeon:15 true
     0 | D:1      | 0 ||| qw: Do second Lair branch before Depths: true
     0 | D:1      | 0 ||| qw: Lair rune preference: random
     0 | D:1      | 0 ||| qw: Goals: Normal
     0 | D:1      | 0 ||| PLANNING D:1-11
    99 | D:1      | Found Kiazutu's General Store.
   112 | D:1      | 112 ||| SHOPLISTING ring of fire (250 gold, have 72).
   112 | D:1      | 112 ||| BUYING scroll of identify (20 gold).
   112 | D:1      | Bought a scroll of identify for 20 gold pieces
   193 | D:1      | Reached XP level 2. HP: 17/17 MP: 2/2
   369 | D:1      | 369 ||| UPGRADING to +0 ring mail.
   379 | D:1      | 379 ||| DROPPING +0 leather armour.
   380 | D:1      | 380 ||| READING 3 scrolls labelled BAAF CYKUVA.
   381 | D:1      | 381 ||| READING scroll labelled RACICA VEYFOSS.
   382 | D:1      | 382 ||| READING scroll labelled AMISEJ NEXA.
   383 | D:1      | 383 ||| READING scroll labelled REROONOENN.
   384 | D:1      | 384 ||| READING 2 scrolls of identify.
   384 | D:1      | 384 ||| IDENTIFYING bubbling yellow potion
   385 | D:1      | 385 ||| DROPPING 2 scrolls of amnesia.
   386 | D:1      | 386 ||| DROPPING scroll of butterflies.
   419 | D:2      | Found a faded altar of an unknown god.
   527 | D:2      | Reached skill level 1 in Armour
   571 | D:2      | Found The Oracle's Delphic Readings.
   575 | D:2      | 575 ||| BUYING scroll of enchant armour (75 gold).
   575 | D:2      | Bought a scroll of enchant armour for 75 gold pieces
   575 | D:2      | 575 ||| SHOPLISTING scroll of enchant weapon (75 gold, have
                  | 50).
   575 | D:2      | 575 ||| BUYING scroll of teleportation (30 gold).
   575 | D:2      | Bought a scroll of teleportation for 30 gold pieces
   575 | D:2      | 575 ||| SHOPLISTING scroll of teleportation (30 gold, have
                  | 20).
   624 | D:2      | Reached XP level 3. HP: 19/21 MP: 3/3
   824 | D:2      | Reached skill level 5 in Ranged Weapons
   897 | D:3      | Noticed Natasha
   907 | D:3      | HP: 5/21 [Natasha/magic dart (7)]
   908 | D:3      | 908 ||| READING scroll of teleportation.
  1042 | D:3      | Noticed Jessica
  1045 | D:3      | Killed Jessica
  1046 | D:3      | Reached skill level 3 in Fighting
  1046 | D:3      | Reached XP level 4. HP: 22/28 MP: 4/4
  1081 | D:3      | You fall into a shaft and drop 1 floor!
  1102 | D:4      | 1102 ||| UPGRADING to +2 robe of willpower.
  1112 | D:4      | 1112 ||| DROPPING +0 ring mail.
  1113 | D:4      | 1113 ||| READING 2 scrolls of identify.
  1113 | D:4      | 1113 ||| IDENTIFYING sapphire potion
  1124 | D:3      | Killed Natasha
  1197 | D:3      | Identified the +7 whip of Puwos {pain, rPois Int+2}
  1373 | D:3      | Noticed Natasha
  1379 | D:3      | Killed Natasha
  1380 | D:3      | Reached XP level 5. HP: 24/32 MP: 5/5
  1423 | D:3      | Noticed Natasha
  1430 | D:3      | Killed Natasha
  1826 | D:4      | Reached skill level 6 in Ranged Weapons
  1981 | D:4      | Found a sparkling altar of Nemelex Xobeh.
  2219 | D:4      | Reached XP level 6. HP: 38/38 MP: 6/6
  2267 | D:4      | 2267 ||| UPGRADING to +0 pair of gloves.
  2272 | D:4      | 2272 ||| READING scroll of enchant armour.
  2272 | D:4      | 2272 ||| ENCHANTING +0 pair of gloves.
  2273 | D:4      | 2273 ||| READING 2 scrolls of identify.
  2273 | D:4      | 2273 ||| IDENTIFYING metallic dark potion
  2274 | D:4      | 2274 ||| DROPPING potion of lignification.
  2287 | D:5      | Entered Level 5 of the Dungeon
  2379 | D:5      | Reached skill level 7 in Ranged Weapons
  2422 | D:5      | Noticed an ice beast
  2430 | D:5      | Killed an ice beast
  2431 | D:5      | Reached XP level 7. HP: 14/43 MP: 7/7
  2767 | D:5      | Found Guyxauv's Distillery.
  2780 | D:5      | Reached skill level 8 in Ranged Weapons
  2838 | D:5      | 2838 ||| BUYING potion of cancellation (88 gold).
  2838 | D:5      | Bought a potion of cancellation for 88 gold pieces
  2838 | D:5      | 2838 ||| BUYING potion of curing (33 gold).
  2838 | D:5      | Bought a potion of curing for 33 gold pieces
  2838 | D:5      | 2838 ||| SHOPLISTING potion of haste (110 gold, have 13).
  2838 | D:5      | 2838 ||| SHOPLISTING potion of mutation (88 gold, have 13).
  2838 | D:5      | 2838 ||| SHOPLISTING potion of resistance (110 gold, have
                  | 13).
  3027 | D:5      | Found a shimmering blue altar of Sif Muna.
  3241 | D:5      | 3241 ||| READING scroll labelled MEMION NIPATHRE.
  3264 | D:6      | 3264 ||| STAIRDANCE
  3273 | D:5      | Reached XP level 8. HP: 45/50 MP: 8/8
  3441 | D:6      | Found a hide-covered altar of Uskayaw.
  3454 | D:6      | Found a staircase to the Ecumenical Temple.
  3455 | D:6      | 3455 ||| PLANNING TEMPLE
  3455 | D:6      | 3455 ||| READING scroll labelled DAKEV DEBE.
  3556 | D:6      | 3556 ||| READING scroll labelled OMMINK YTAAMN.
  3573 | Temple   | Entered the Ecumenical Temple
  3574 | Temple   | 3574 ||| PLANNING OKAWARU WORSHIP
  3580 | Temple   | Became a worshipper of Warmaster Okawaru
  3581 | Temple   | 3581 ||| PLANNING D:1-11
  3724 | D:6      | 3724 ||| UPGRADING to ring of see invisible.
  3763 | D:7      | 3763 ||| STAIRDANCE
  3771 | D:6      | Reached skill level 9 in Ranged Weapons
  3872 | D:7      | 3872 ||| STAIRDANCE
  3939 | D:7      | Reached skill level 6 in Fighting
  4255 | D:7      | HP: 8/51 [wight/+2 battleaxe (14)]
  4256 | D:7      | 4256 ||| READING scroll of teleportation.
  4258 | D:7      | Reached * piety under Okawaru
  4259 | D:7      | 4259 ||| INVOKING Heroism.
  4424 | D:7      | 4424 ||| Stepping ~*~*~tactically~*~*~ (cloud).
  4426 | D:7      | 4426 ||| Stepping ~*~*~tactically~*~*~ (cloud).
  4435 | D:7      | HP: 9/51 [steam dragon] (5)]
  4437 | D:7      | Reached skill level 10 in Ranged Weapons
  4437 | D:7      | Reached XP level 9. HP: 10/55 MP: 9/9
  4440 | D:7      | 4440 ||| INVOKING Heroism.
  4445 | D:7      | HP: 8/55 [water moccasin (4)]
  4449 | D:7      | HP: 1/55 [water moccasin (6)]
  4453 | D:7      | Reached skill level 3 in Dodging
  4453 | D:7      | Reached skill level 1 in Invocations
  4680 | D:7      | 4680 ||| Stepping ~*~*~tactically~*~*~ (outnumbered).
  4685 | D:7      | Noticed Maggie
  4686 | D:7      | 4686 ||| Stepping ~*~*~tactically~*~*~ (retreating).
  4687 | D:7      | 4687 ||| Stepping ~*~*~tactically~*~*~ (retreating).
  4699 | D:7      | 4699 ||| INVOKING Heroism.
  4720 | D:7      | Killed Maggie
  4721 | D:7      | Reached skill level 3 in Invocations
  4864 | D:7      | Noticed Joseph
  4870 | D:7      | 4870 ||| INVOKING Heroism.
  4879 | D:7      | HP: 12/56 [Joseph/sling bullet (6)]
  4880 | D:7      | Shot with a sling bullet by Joseph

Levels and vault maps discovered:
D:1:      sevenhm_arrival_forest_fort_small_6, layout_rooms, serial_shops,
          nicolae_shop_waterfront
D:2:      layout_basic, nicolae_ecumenical_oubliette,
          nicolae_nh_oracle_at_delphi
D:3:      layout_loops_ring, uniq_jessica, uniq_natasha
D:4:      layout_loops_ring, lemuel_round_altar, minmay_misc_feat_pillars,
          grunt_decor_fettered
D:5:      layout_loops_cross, led_sif_book, serial_shops,
          nicolae_shop_tiny_waterfront, minivault_25,
          nicolae_figureground_sparkle
D:6:      layout_rooms, nicolae_uskayaw_dance_hall, minmay_temple_entry_glass
D:7:      layout_loops_cross, uniq_maggie, uniq_joseph
Temple:   nicolae_temple_superstar

Skill      XL: |  1  2  3  4  5  6  7  8  9 |
---------------+----------------------------+-----
Armour         | 1 |  1.0
Ranged Weapons | 5 6 7 8 10 | 10.2
Fighting       | 3 4 5 6 |  6.9
Dodging        | 2 3 |  3.0
Invocations    | 3 |  3.2
Stealth        | |  1.1

Action                     |  1- 3 |  4- 6 |  7- 9 || total
---------------------------+-------+-------+-------++-------
   Fire: Shortbow          |   117 |   114 |   298 ||   529
 Invoke: Heroism           |       |       |     4 ||     4
    Use: Scroll            |     6 |     3 |     4 ||    13
 Armour: Leather armour    |     7 |       |       ||     7
         Ring mail         |    36 |       |       ||    36
         Robe              |       |    25 |   134 ||   159
  Dodge: Dodged            |    27 |    27 |    92 ||   146

Table legend:
 A = Non-vault XP
 B = Vault XP
 C = Vault XP percentage of total XP
 D = Non-vault monster count
 E = Vault monster count
 F = Vault count percentage of total count
                 A         B        C        D         E       F
            +---------+---------+-------+---------+---------+-------
      Total |    2533 |     549 |  17.8 |      97 |       7 |   6.7
            +---------+---------+-------+---------+---------+-------
        D:1 |      15 |       0 |   0.0 |       9 |       0 |   0.0
        D:2 |      36 |       3 |   7.7 |      14 |       2 |  12.5
        D:3 |      91 |      72 |  44.2 |      13 |       2 |  13.3
        D:4 |     133 |       0 |   0.0 |      19 |       0 |   0.0
        D:5 |     868 |      70 |   7.5 |      16 |       2 |  11.1
        D:6 |     358 |       0 |   0.0 |       8 |       0 |   0.0
        D:7 |    1032 |     404 |  28.1 |      18 |       1 |   5.3
            +---------+---------+-------+---------+---------+-------
